 Seeded DCSS version 0.30.0-5-g1a98f26d00 (webtiles) character file.

Game seed: 2 (custom seed)

704 Kazon the Conjurer (level 7, 0/53 HPs)
             Began as a Pale Draconian Conjurer on May 9, 2023.
             Was a Believer of Ru.
             Succumbed to Edmund's poison
             ... on level 5 of the Dungeon.
             The game lasted 00:24:27 (4255 turns).

Kazon the Conjurer (Pale Draconian Conjurer)        Turns: 4255, Time: 00:24:27

Health: 0/53       AC:  9    Str: 11    XL:     7   Next: 39%
Magic:  11/11      EV: 12    Int: 19    God:    Ru [**....]
Gold:   49         SH:  0    Dex:  9    Spells: 8/11 levels left

rFire   . . .        q - +0 whip (flame)
rCold   . . .        (no shield)
rNeg    . . .        (body armour unavailable)
rPois   .            w - +2 hat
rElec   .            (no cloak)
rCorr   .            (no gloves)
SInv    .            r - +0 pair of boots
Will    .....        (no amulet)
Stlth   ++           y - ring of flight
HPRegen 0.28/turn    (no ring)
MPRegen 0.12/turn

%: no passive effects
@: lethally poisoned (0 -> -4), short of breath, flying
A: breathe steam, AC +6, unfitting armour, cold-blooded, hated by all, steam
resistance
a: Breathe Steam, Renounce Religion


You were on level 5 of the Dungeon.
You worshipped Ru.
Ru was pleased with you.
You visited 1 branch of the dungeon, and saw 5 of its levels.

You collected 244 gold pieces.
You spent 195 gold pieces at shops.

Inventory:

Hand Weapons
 e - a +1 dagger of electrocution
 q - a +0 whip of flaming (weapon)
Missiles
 d - 31 stones (quivered)
 k - 25 poisoned darts
Armour
 r - a +0 pair of boots (worn)
 w - a +2 hat (worn)
Magical Staves
 s - a staff of conjuration
Jewellery
 y - a ring of flight (left hand)
Wands
 m - a wand of flame (45)
 A - a wand of digging (5)
Scrolls
 c - 2 scrolls of magic mapping {unknown}
 f - 5 scrolls of identify
 n - 3 scrolls of fear
 p - 2 scrolls of teleportation
 u - a scroll of fog {unknown}
 x - 2 scrolls of enchant weapon {unknown}
 B - a scroll of blinking {unknown}
 D - a scroll of poison
Potions
 a - 3 potions of magic
 b - 2 potions of heal wounds {unknown}
 g - a potion of attraction {unknown}
 h - 2 potions of might {unknown}
 i - a potion of lignification {unknown}
 j - 2 potions of flight {unknown}
 l - a potion of cancellation {unknown}
 o - a potion of curing {unknown}
 t - 2 potions of ambrosia {unknown}
 v - 2 potions of degeneration {unknown}
 z - a potion of resistance {unknown}
 C - a potion of invisibility {unknown}


   Skills:
 + Level 1.7 Fighting
 + Level 2.2 Short Blades
 + Level 0.5(1.0) Maces & Flails
 + Level 1.1(1.2) Staves
 + Level 2.8 Throwing
 + Level 3.4 Dodging
 + Level 3.2 Stealth
 + Level 0.1 Unarmed Combat
 + Level 2.9 Spellcasting
 + Level 4.8 Conjurations
 * Level 2.8 Evocations


You had 8 spell levels left.
You knew the following spells:

 Your Spells              Type           Power      Damage    Failure   Level
a - Magic Dart            Conj           84%        1d7       1%          1
b - Searing Ray           Conj           42%        2d6       3%          2

Your spell library contained the following spells:

 Spells                   Type           Power      Damage    Failure   Level
 Sting                    Tmut/Pois      8%         1d3       16%         1
 Dazzling Flash           Conj/Hex       24%        N/A       17%         3
 Lesser Beckoning         Tloc           4%         N/A       24%         2
 Gell's Gravitas          Tloc           2%         N/A       43%         3
 Teleport Other           Tloc           2%         N/A       43%         3
 Fulminant Prism          Conj/Hex       6%         3d6       50%         4
 Iskenderun's Mystic Bla  Conj/Tloc      12%        2d5       50%         4


Dungeon Overview and Level Annotations

Branches:
Dungeon (5/15)             Temple (0/1) D:5

Altars:
Ru
Trog
Xom

Shops:
D:4 :   D:5 ?

Annotations:
D:3 1 runed translucent door, Crazy Yiuf
D:5 Edmund


Innate Abilities, Weirdness & Mutations

You can breathe blasts of scalding, opaque steam.
Your pale cyan-grey scales are hard. (AC +6)
You cannot fit into any form of body armour.
You are cold-blooded and may be slowed by cold attacks.
You are hated by all.
You are immune to the effects of steam.


Message History

Edmund is moderately wounded.
Edmund is engulfed in a cloud of scalding steam.
Edmund hits you with a +3 flail of venom!
You are poisoned.
You focus your inner power and blind Edmund in retribution!
You hit Edmund. You burn Edmund.
Edmund is moderately wounded.
You feel very sick.
Edmund is engulfed in a cloud of scalding steam.
Edmund hits you with a +3 flail of venom.
You barely miss Edmund.
Edmund is heavily wounded.
You feel sick.
Edmund hits you with a +3 flail of venom.
You are more poisoned.
You hit Edmund. You burn Edmund.
Edmund is heavily wounded.
You feel very sick.
Edmund is engulfed in a cloud of scalding steam.
Edmund zaps a wand.
The puff of flame hits you.
You barely miss Edmund. You tail-slap Edmund, but do no damage.
Edmund is heavily wounded.
You feel very sick.
Edmund is engulfed in a cloud of scalding steam.
Edmund zaps a wand.
The puff of flame hits you.
You hit Edmund but do no damage.
Edmund is severely wounded.
You feel sick.
Edmund zaps a wand.
The puff of flame hits you!
* * * LOW HITPOINT WARNING * * *
You closely miss Edmund. You tail-slap Edmund.
Edmund is severely wounded.
You feel sick. Edmund barely misses you.
You hit Edmund but do no damage.
Edmund is severely wounded.
You feel sick.
Edmund is no longer blind.
Edmund zaps a wand.
The puff of flame hits you.
* * * LOW HITPOINT WARNING * * *
You closely miss Edmund. You tail-slap Edmund, but do no damage.
Edmund is severely wounded.
You die...

.#.. ##.... ..........#
#.... #..#).$.#..
##.##..#.###..#.>...##
..........##...$.:...##
#.................<...
##...#.##.#............
#....#.##.#.#@@.#...##
#.........###......#
#.......∩.# #..###.#
#....#)##.#.###..# #..
#.##.#..##..####. #
#.##.##...........
#.#..#####.#####..
#<#..# #.# #.#... #.(


You could see Edmund.

Vanquished Creatures
  An ogre (D:4)
  2 scorpions (D:4)
  2 hounds (D:4)
  A jelly (D:3)
  A gnoll bouda (D:4)
  Jessica (D:3)
  2 orc wizards (D:4)
  Natasha (twice) (D:2)
  An iguana (D:4)
  Robin (D:3)
  5 gnolls (D:4)
  9 adders
  A worm (D:2)
  4 dart slugs
  6 orcs
  6 ball pythons
  6 endoplasms
  5 giant cockroaches
  13 goblins
  8 hobgoblins
  9 kobolds
  5 quokkas
  5 bats
  3 frilled lizards
  4 rats
103 creatures vanquished.

Notes
Turn   | Place    | Note
-------+----------+-------------------------------------------
     0 | D:1      | Kazon the Draconian Conjurer began the quest for the Orb.
     0 | D:1      | Reached XP level 1. HP: 14/14 MP: 3/3
   296 | D:1      | Reached XP level 2. HP: 20/20 MP: 0/5
   366 | D:1      | Found a faded altar of an unknown god.
   377 | D:1      | Got Plato's Compilation of Poisoning
   378 | D:1      | Prayed at the altar of an unknown god.
   378 | D:1      | Became a worshipper of Ru the Awakened
   446 | D:1      | Learned a level 2 spell: Searing Ray
   702 | D:1      | Found a bloodstained altar of Trog.
   819 | D:1      | Reached XP level 3. HP: 25/26 MP: 6/6
  1227 | D:1      | Identified a scroll of acquirement
  1227 | D:1      | Acquired a staff of conjuration
  1292 | D:2      | Noticed Natasha
  1298 | D:2      | Killed Natasha
  1405 | D:2      | Reached XP level 4. HP: 34/34 MP: 2/7
  1588 | D:2      | Noticed Natasha
  1604 | D:2      | Killed Natasha
  1917 | D:2      | Reached skill level 1 in Throwing
  1951 | D:3      | Found a shimmering altar of Xom.
  1951 | D:3      | Found a shimmering altar of Xom.
  1953 | D:3      | Found a shimmering altar of Xom.
  1953 | D:3      | Found a shimmering altar of Xom.
  2292 | D:3      | Found a runed translucent door.
  2293 | D:3      | Noticed Crazy Yiuf
  2386 | D:3      | Noticed Jessica
  2388 | D:3      | Killed Jessica
  2389 | D:3      | Reached skill level 1 in Short Blades
  2389 | D:3      | Reached skill level 1 in Evocations
  2389 | D:3      | Reached XP level 5. HP: 39/39 MP: 5/8
  2478 | D:3      | Noticed Robin
  2502 | D:3      | Killed Robin
  2529 | D:3      | Reached skill level 1 in Fighting
  2629 | D:3      | Gained mutation: You are hated by all. [Ru sacrifice]
  2629 | D:3      | Reached * piety under Ru
  2629 | D:3      | Reached ** piety under Ru
  3155 | D:4      | Reached XP level 6. HP: 30/47 MP: 9/9
  3268 | D:4      | Reached skill level 1 in Staves
  3396 | D:4      | Found a sacrificial altar of Ru.
  3502 | D:4      | Your scales start taking on a pale cyan-grey colour.
  3502 | D:4      | Reached XP level 7. HP: 49/52 MP: 8/11
  3502 | D:4      | Gained mutation: You are immune to the effects of steam.
                  | [Pale Draconian growth]
  3758 | D:4      | Found Jeusoc's Book Shop.
  4224 | D:5      | Entered Level 5 of the Dungeon
  4232 | D:5      | Found Oledinn's Magic Scroll Shoppe.
  4235 | D:5      | Found a staircase to the Ecumenical Temple.
  4238 | D:5      | Bought a scroll of fear for 52 gold pieces
  4238 | D:5      | Bought a scroll of teleportation for 39 gold pieces
  4238 | D:5      | Bought a scroll of poison for 52 gold pieces
  4238 | D:5      | Bought a scroll of identify for 26 gold pieces
  4238 | D:5      | Bought a scroll of identify for 26 gold pieces
  4245 | D:5      | Noticed Edmund
  4254 | D:5      | HP: 1/53 [Edmund/puff of flame (6)]
  4255 | D:5      | Succumbed to Edmund's poison

Illustrated notes

Levels and vault maps discovered:
D:1:      dpeg_arrival_lava_altar, layout_basic,
          shapermc_ecumenical_altar_rom_forum
D:2:      layout_rooms, solitary_fountain, minmay_tromino_v4_a, uniq_natasha
D:3:      minmay_diamond_boxcup, layout_loops_ring, xom_redecorated,
          uniq_jessica, uniq_crazy_yiuf_cottage, uniq_robin
D:4:      layout_basic, mainiacjoe_overflow_boulevard, serial_shops, shop
D:5:      layout_rooms, minmay_temple_entry_offerings, serial_shops, shop,
          uniq_edmund

Skill      XL: |  1  2  3  4  5  6 |
---------------+-------------------+-----
Stealth        | 2 3 |  3.2
Dodging        | 2 3 |  3.4
Throwing       | 1 2 |  2.8
Short Blades   | 1 2 |  2.2
Evocations     | 1 2 |  2.8
Fighting       | 1 |  1.7
Staves         | 1 |  1.1
Maces & Flails | |  0.5
Unarmed Combat | |  0.1
Spellcasting   | |  2.9
Conjurations   | |  4.8

Action                     |  1- 3 |  4- 6 |  7- 9 || total
---------------------------+-------+-------+-------++-------
  Melee: Unarmed           |    14 |       |       ||    14
         Club              |    18 |       |       ||    18
         Tailslap          |     8 |    23 |    11 ||    42
         Short sword       |    46 |       |       ||    46
         Staff             |    17 |    77 |       ||    94
         Dagger            |       |   102 |    39 ||   141
         Punch             |       |     3 |       ||     3
         Whip              |       |       |     9 ||     9
  Throw: Stone             |     8 |       |     4 ||    12
         Dart              |       |     1 |    24 ||    25
   Cast: Magic Dart        |    36 |    40 |       ||    76
         Searing Ray       |     3 |     4 |       ||     7
 Invoke: Reject Sacrifices |     1 |       |       ||     1
         Sacrifice Love    |       |     1 |       ||     1
Ability: Breathe Steam     |       |       |     4 ||     4
    Use: Scroll            |     1 |       |       ||     1
   Stab: Sleeping          |     3 |     8 |     1 ||    12
 Armour: Skin              |    34 |    62 |     9 ||   105
  Dodge: Dodged            |    54 |   109 |    18 ||   181
